 Dungeon Sprint DCSS version 0.13-a0-3016-gcb2faac (webtiles) character file.

4457 Deathjonas666 the Imperceptible (level 10, -2/44 HPs)
             Began as a Spriggan Enchanter on Sept 14, 2013.
             Was an Elder of Makhleb.
             Killed by an exploding giant spore (23 damage)
             ... in the Dungeon (Sprint I: "Red Sonja").
             The game lasted 00:12:00 (1080 turns).

Deathjonas666 the Imperceptible (SpEn)              Turns: 1080, Time: 00:12:01

HP  -2/44        AC  3     Str  4      XL: 10   Next:  2%
MP  22/22        EV 19     Int 17      God: Makhleb [****..]
Gold 496         SH  0     Dex 20      Spells:  3 memorised,  4 levels left

Res.Fire  : . . .   See Invis. : +   j - +0 dagger (distort)
Res.Cold  : + . .   Warding    : .   f - +1 elf robe {rC+}
Life Prot.: . . .   Conserve   : .   (shield restricted)
Res.Poison: .       Res.Corr.  : .   (helmet restricted)
Res.Elec. : .       Clarity    : .   (no cloak)
Sust.Abil.: . .     Spirit.Shd : .   (gloves unavailable)
Res.Mut.  : .       Prev.Telep.: +   (boots unavailable)
Res.Rott. : .       Flight     : .   (no amulet)
Saprovore : . . .                    (no ring)
                                     (no ring)

@: confused, very quick, quite resistant to hostile enchantments, quite stealthy
A: unfitting armour, see invisible, herbivore 3, speed 3, screaming 1, slow
metabolism 2
a: Minor Destruction, Lesser Servant of Makhleb, Major Destruction, Renounce
Religion


You were in the Dungeon.
You worshipped Makhleb.
Makhleb was extremely pleased with you.
You were not hungry.

You visited 1 branch You collected 621 gold pieces.
You spent 145 gold pieces at shops.

Inventory:

Hand weapons
 a - a +1,+1 dagger {=f}
 j - a +0,+0 dagger of distortion (weapon)
 l - a +0 blowgun
 o - a +0,+0 quarterstaff
Missiles
 d - 12 darts (quivered)
 m - 5 curare-tipped needles
Armour
 b - a +1 robe
 f - a +1 elven robe of cold resistance (worn)
Comestibles
 g - a choko
Scrolls
 e - 3 scrolls of identify {unknown}
 k - a scroll of recharging {unknown}
 n - a scroll of magic mapping {unknown}
Potions
 h - a potion of speed
Books
 c - a book of Maledictions

   Spells                             Type                      Level
   *Corona                            Hexes                        1
   Sure Blade                         Hexes/Charms                 2
   *Ensorcelled Hibernation           Hexes/Ice                    2
   Confuse                            Hexes                        3
   *Enslavement                       Hexes                        4
   Invisibility                       Hexes                        6


   Skills:
 - Level 1.1 Short Blades
 - Level 1.1 Throwing
 - Level 3.0 Dodging
 - Level 22.7 Stealth
 - Level 1.3 Spellcasting
 + Level 18.5 Hexes


You had 4 spell levels left.
You knew the following spells:

 Your Spells              Type           Power        Failure   Level  Hunger
a - Corona                Hex            ######.      0%          1    ##.....
b - Ensorcelled Hibernat  Hex/Ice        ####..       1%          2    ###....
c - Enslavement           Hex            ######..     1%          4    #####..


Dungeon Overview and Level Annotations

Branches:
Dungeon (1/1)

Altars:
Cheibriados
Makhleb
Okawaru
Sif Muna
Xom
Yredelemnul

Shops:
D [+}[/[


Innate Abilities, Weirdness & Mutations

You are tiny and cannot use many weapons and most armour.
You have supernaturally acute eyesight.
You are a herbivore.
You cover ground extremely quickly.
You need consume almost no food.
You occasionally shout uncontrollably.


Message History

There is an entrance to Enair's Gadget Emporium here.
There is an entrance to Roxeasonn's Book Shoppe here.
There is an entrance to Hontyuwn's Armour Shop here.
There is a huge open gate here.
There is a huge open gate here.
You see here 4 arrows.
There is an open door here.
You open the door. 2 giant spores come into view.
The giant spore waves its rhizomes.
The giant spore explodes!
The explosion of spores engulfs you!
You are confused.
Ouch! That really hurt!
The explosion of spores engulfs the giant spore.
The giant spore explodes!
A fungus suddenly grows.
The explosion of spores engulfs you!
You are more confused.
Ouch! That really hurt!
You die...

#..# ####..##.#§§§§.#
#..# ##'#..+≈§§§.+ #⌠⌠#
+..._#≈§§§.# ####
#_.#'##§###
##'#)#.§..###
############.####'###.##
#∩......(.'...'.....'.∩#
###'''(####...##########
#.......####@##
#(.......# #'#
#..#.....#


!$f #(.......#$(![$ #.....#).####### #.....(.(# #..#.....# #(......(# ###''''###
There were no monsters in sight!

Vanquished Creatures
  2 centaur warriors (D)
  A giant amoeba (D)
  A deep troll (D)
  Sonja (D)
  An ogre (D)
  Sigmund (D)
  A jelly (D)
  Ijyb (D)
  A giant eyeball (D)
10 creatures vanquished.

Vanquished Creatures (collateral kills)
  8 shining eyes (D)
  3 giant eyeballs (D)
11 creatures vanquished.

Vanquished Creatures (others)
  An orange demon (D)
1 creature vanquished.

Grand Total: 22 creatures vanquished

Notes
Turn   | Place    | Note
--------------------------------------------------------------
     0 | D        | Deathjonas666, the Spriggan Enchanter, began the quest for the Orb.
     0 | D        | Reached XP level 1. HP: 9/9 MP: 4/4
     1 | D        | Noticed Ijyb
    12 | D        | Killed Ijyb
    12 | D        | Reached skill level 8 in Stealth
    12 | D        | Reached XP level 2. HP: 13/13 MP: 4/6
    96 | D        | Noticed an ogre
    99 | D        | Killed an ogre
    99 | D        | Reached skill level 12 in Stealth
    99 | D        | Reached XP level 3. HP: 16/16 MP: 9/9
    99 | D        | Reached XP level 4. HP: 21/21 MP: 11/11
   110 | D        | Noticed Sigmund
   114 | D        | Learned a level 2 spell: Ensorcelled Hibernation
   126 | D        | Killed Sigmund
   126 | D        | Reached skill level 14 in Stealth
   126 | D        | Reached XP level 5. HP: 24/24 MP: 4/13
   140 | D        | Found a shimmering altar of Xom.
   197 | D        | Noticed a jelly
   198 | D        | Found a deep blue altar of Sif Muna.
   202 | D        | Killed a jelly
   258 | D        | Found a basalt altar of Yredelemnul.
   258 | D        | Found a burning altar of Makhleb.
   258 | D        | Found an iron altar of Okawaru.
   258 | D        | Found a snail-covered altar of Cheibriados.
   258 | D        | Noticed a giant amoeba
   303 | D        | Killed a giant amoeba
   303 | D        | Reached skill level 19 in Stealth
   303 | D        | Reached XP level 6. HP: 19/28 MP: 11/16
   303 | D        | Reached XP level 7. HP: 21/32 MP: 12/18
   514 | D        | Became a worshipper of Makhleb the Destroyer
   560 | D        | Learned a level 4 spell: Enslavement
   564 | D        | Noticed Sonja
   568 | D        | Killed Sonja
   568 | D        | Reached skill level 20 in Stealth
   584 | D        | Noticed a deep troll
   627 | D        | Killed a deep troll
   627 | D        | Reached skill level 21 in Stealth
   627 | D        | Reached XP level 8. HP: 36/36 MP: 7/19
   629 | D        | Acquired Makhleb's first power
   695 | D        | Found Keyh's Armour Emporium.
   721 | D        | Noticed a centaur warrior
   722 | D        | Noticed a centaur warrior
   724 | D        | Killed a centaur warrior
   724 | D        | Reached skill level 22 in Stealth
   740 | D        | Found Welun's Armour Boutique.
   743 | D        | Noticed a shining eye
   743 | D        | Noticed a shining eye
   748 | D        | Noticed a shining eye
   755 | D        | Killed a shining eye
   755 | D        | Acquired Makhleb's second power
   755 | D        | Reached XP level 9. HP: 26/39 MP: 5/21
   770 | D        | Killed a shining eye
   787 | D        | Noticed a shining eye
   793 | D        | Killed a shining eye
   793 | D        | Reached skill level 15 in Hexes
   800 | D        | Killed a shining eye
   806 | D        | Killed a shining eye
   806 | D        | Acquired Makhleb's third power
   931 | D        | Noticed a shining eye
   935 | D        | Killed a shining eye
   968 | D        | Bought a +1 elven robe of cold resistance for 145 gold pieces
   982 | D        | Noticed a shining eye
   986 | D        | Gained mutation: You occasionally shout uncontrollably. [a shining eye]
   997 | D        | Killed a shining eye
  1006 | D        | Noticed a shining eye
  1022 | D        | Killed a shining eye
  1023 | D        | Found Enair's Gadget Emporium.
  1023 | D        | Found Thriutam's Magical Wand Boutique.
  1028 | D        | Killed a centaur warrior
  1028 | D        | Acquired Makhleb's fourth power
  1028 | D        | Reached XP level 10. HP: 42/44 MP: 20/22
  1029 | D        | Found Roxeasonn's Book Shoppe.
  1033 | D        | Found Hontyuwn's Armour Shop.
  1080 | D        | Killed by an exploding giant spore

Action                   |  1- 3 |  4- 6 |  7- 9 | 10-12 || total
-------------------------+-------+-------+-------+-------++-------
Melee: Dagger            |     9 |     4 |     4 |     4 ||    21
Throw: Dart              |       |     3 |       |       ||     3
 Cast: Corona            |     1 |     3 |     6 |       ||    10
       Ensorcelled Hiber |       |     9 |     8 |       ||    17
       Enslavement       |       |       |     8 |       ||     8
Invok: Lesser Servant of |       |       |     1 |       ||     1
  Use: Potion            |     2 |     2 |     2 |       ||     6
       Scroll            |       |       |     1 |       ||     1
 Stab: Sleeping          |     1 |     4 |     3 |       ||     8
       Paralysed         |       |       |     1 |       ||     1
